 Dungeon Crawl Stone Soup version 0.19.1-1-g22dce08 (webtiles) character file.

12537 Mefis the Thaumaturge (level 11, -26/63 (64) HPs)
             Began as a Deep Elf Wizard on Jan 15, 2017.
             Was an Elder of Sif Muna.
             Killed from afar by Frances (48 damage)
             ... with an iron shot
             ... on level 12 of the Dungeon.
             The game lasted 00:56:32 (20033 turns).

Mefis the Thaumaturge (Deep Elf Wizard)            Turns: 20033, Time: 00:56:33

HP:   -26/63 (64)   AC:  4    Str:  7    XL:     11   Next: 63%
MP:   23/28         EV: 17    Int: 27    God:    Sif Muna [****..]
Gold: 248           SH:  0    Dex: 13    Spells: 10 memorised, 7 levels left

rFire  . . .     SeeInvis .     H - +4 quarterstaff (chaos)
rCold  . . .     Gourm    .     a - +0 robe
rNeg   . . .     Faith    .     (shield currently unavailable)
rPois  +         Spirit   .     b - +0 hat
rElec  .         Reflect  .     L - +2 cloak {MR+}
rCorr  .         Harm     +     (no gloves)
MR     ++...                    e - -2 pair of boots
Stlth  ++++......               G - amulet of harm
                                t - ring of poison resistance (curse)
                                v - +3 ring of strength

@: no status effects
A: no striking features
a: Divine Energy, Channel Magic, Forget Spell, Renounce Religion


You were on level 12 of the Dungeon.
You worshipped Sif Muna.
Sif Muna was greatly pleased with you.
You were not hungry.

You visited 2 branches of the dungeon, and saw 15 of its levels.

You collected 735 gold pieces.
You spent 487 gold pieces at shops.

Inventory:

Hand Weapons
 x - a +0 hunting sling
 H - a +4 quarterstaff of chaos (weapon)
Missiles
 E - 94 sling bullets
Armour
 a - a +0 robe (worn)
 b - a +0 hat (worn)
 e - a -2 pair of boots (worn)
 L - a +2 cloak of magic resistance (worn)
Magical Staves
 A - an uncursed staff of air
Jewellery
 t - a cursed ring of poison resistance (right hand)
 v - a +3 ring of strength (left hand)
 G - an amulet of harm (around neck)
 T - an uncursed ring of protection from cold
Wands
 u - a wand of lightning (5/15)
 F - a wand of iceblast (12/15)
 U - a wand of acid (3/15)
Scrolls
 f - 9 scrolls of remove curse
 n - 3 scrolls of enchant weapon
 q - 6 scrolls of enchant armour
 r - 9 scrolls of teleportation
 C - 2 scrolls of fog
 D - 2 scrolls of amnesia
 I - 3 scrolls of recharging
 M - 2 scrolls of immolation
 N - a scroll of fear
 O - a scroll of blinking {unknown}
 R - a scroll of magic mapping {unknown}
Potions
 g - 2 potions of flight
 i - a potion of magic {unknown}
 j - a potion of invisibility {unknown}
 k - 4 potions of lignification
 l - a potion of might {unknown}
 o - 5 potions of curing
 s - a potion of beneficial mutation {unknown}
 w - 5 potions of heal wounds
 B - 2 potions of mutation
 K - a potion of haste
 Q - a potion of cancellation {unknown}
 S - a potion of cure mutation {unknown}
 V - a potion of resistance
 W - a potion of brilliance
 X - 2 potions of agility
 Z - 3 potions of ambrosia
Books
 c - a book of Minor Magic

   Spells                             Type                      Level
   a - Magic Dart                     Conjuration                  1
   b - Blink                          Translocation                2
   c - Call Imp                       Summoning                    2
   d - Repel Missiles                 Charms/Air                   2
   e - Slow                           Hexes                        2
   f - Conjure Flame                  Conjuration/Fire             3
   g - Mephitic Cloud                 Conjuration/Poison/Air       3
 h - Sif Muna's Catalogue of Confrontation and Displacement
   (Sif Muna gifted it to you on level 11 of the Dungeon)

   Spells                             Type                      Level
   a - Dazzling Spray                 Conjuration/Hexes            3
   b - Fulminant Prism                Conjuration/Hexes            4
   c - Passage of Golubria            Translocation                4
   d - Bolt of Fire                   Conjuration/Fire             6
   e - Orb of Destruction             Conjuration                  7
 P - a book of Maledictions

   Spells                             Type                      Level
   a - Corona                         Hexes                        1
   b - Ensorcelled Hibernation        Hexes/Ice                    2
   c - Confuse                        Hexes                        3
   d - Tukima's Dance                 Hexes                        3
   e - Dazzling Spray                 Conjuration/Hexes            3
Miscellaneous
 p - a sack of spiders
 y - a lamp of fire (inert)
Comestibles
 d - 5 bread rations
 m - a meat ration
 z - 31 fruits
 J - 2 beef jerkies
 Y - a slice of pizza


   Skills:
 + Level 5.4 Fighting
 + Level 8.3 Dodging
 + Level 9.0 Stealth
 + Level 11.9 Spellcasting
 * Level 7.4 Conjurations
 - Level 5.8 Hexes
 - Level 1.1 Summonings
 + Level 2.8 Translocations
 - Level 5.6 Air Magic
 - Level 6.1 Poison Magic
 + Level 1.6 Invocations
 + Level 1.8 Evocations


You had 7 spell levels left.
You knew the following spells:

 Your Spells              Type           Power        Failure   Level  Hunger
a - Magic Dart            Conj           ####         1%          1    None
b - Call Imp              Summ           ###.....     3%          2    None
c - Blink                 Tloc           N/A          1%          2    None
d - Repel Missiles        Chrm/Air       ####..       1%          2    None
e - Mephitic Cloud        Conj/Pois/Air  ######..     1%          3    None
f - Conjure Flame         Conj/Fire      #####...     2%          3    None
g - Slow                  Hex            #####...     1%          2    None
q - Fulminant Prism       Conj/Hex       ######....   2%          4    None
s - Dazzling Spray        Conj/Hex       ######       1%          3    None
C - Passage of Golubria   Tloc           N/A          14%         4    None


Dungeon Overview and Level Annotations

Branches:
Dungeon (14/15)            Temple (1/1) D:4            Lair (0/6) D:9
    Orc (0/2) D:12         Vaults (0/5) D:13

Altars:
Ashenzari
Cheibriados
Dithmenos
Elyvilon
Fedhas
Gozag
Hepliaklqana
Kikubaaqudgha
Makhleb
Nemelex Xobeh
Okawaru
Qazlal
Ru
Sif Muna
Trog
Uskayaw
Vehumet
Xom
Yredelemnul
Zin
The Shining One

Shops:
D:6 *   D:9 *!}

Annotations:
D:7 Exporg's ghost, novice MiFi
D:12 Frances


Message History

Casting: Mephitic Cloud
Confirm with . or Enter, or press ? or * to list all spells.
Aiming: Mephitic Cloud
Press: ? - help, Shift-Dir - straight line, p - Frances The ball explodes into a vile cloud!
The stinking cloud engulfs Frances.
You hear a shout!
Frances is engulfed in noxious fumes.
Frances whispers indecipherable words.
The shard of ice misses you.
Casting: Mephitic Cloud
Confirm with . or Enter, or press ? or * to list all spells.
Aiming: Mephitic Cloud
Press: ? - help, Shift-Dir - straight line The ball explodes into a vile cloud!
The stinking cloud engulfs Frances.
Frances is engulfed in noxious fumes.
Frances appears confused.
Frances seems less confused.
Frances whispers indecipherable words.
The iron shot hits you!
Ouch! That really hurt!
You die...

## #.#.##.##.# #..# .##
###.#.##.##.# #..# ..#
#...#)#.)[#.# #..#
#.####.#..)).).).# #..#
#.......)...)###.#########..#
.#........)..##....[.[......#
#.......).#########.######..#
###.......# #...§#...#####..#
#.....### ####@...........#
##...## ###§.>######.# ##8.8#
##@## #.# ######'## ...# #.#
....#...# ##### #@# #####.>.#
#########.# #...# #.........#
########### #.#######.#
..........# #.#######.#


You could see Frances.

Vanquished Creatures
  3 centaur warriors
  Joseph (D:9)
  A troll (D:10)
  A hornet (D:10)
  Prince Ribbit (D:6)
  5 hippogriffs
  A vampire (D:10)
  11 yaks
  Eustachio (D:5)
  Menkaure (D:6)
  A hungry ghost (D:10)
  Edmund (D:6)
  A mottled dragon (D:11)
  2 water moccasins
  7 orc warriors
  2 black bears
  An ice beast (D:11)
  A phantom (D:13)
  6 ogres
  A necrophage (D:6)
  A sky beast (D:9)
  A crocodile (D:11)
  5 centaurs
  7 bullfrogs
  A wyvern zombie (D:11)
  5 scorpions
  5 killer bees (D:10)
  5 howler monkeys
  6 crimson imps
  A quasit (D:10)
  A bullfrog zombie (D:11)
  13 hounds
  7 jellies
  7 orc priests
  A bullfrog skeleton (D:10)
  2 centaur skeletons
  Crazy Yiuf (D:5)
  Natasha (thrice) (D:3)
  3 iguanas
  19 orc wizards
  9 worker ants
  A statue (D:8)
  2 hound skeletons
  3 howler monkey zombies
  4 worker ant zombies
  A howler monkey skeleton (D:6)
  7 gnolls
  13 adders
  3 shadow imps
  An ooze (D:3)
  An adder zombie (D:8)
  An adder skeleton (D:7)
  3 worms
  A dart slug (D:3)
  6 leopard geckos
  53 orcs
  14 bats
  7 giant cockroaches
  10 goblins
  11 hobgoblins
  10 jackals
  11 quokkas
  A ball python (D:1)
  8 frilled lizards
  14 kobolds
  A kobold skeleton (D:9)
  A kobold zombie (D:9)
  2 leopard gecko skeletons
  An orc skeleton (D:9)
  An orc zombie (D:9)
  9 rats
  A fulminant prism (D:13)
354 creatures vanquished.

Vanquished Creatures (collateral kills)
  Blork the orc (D:5)
  A gnoll shaman (D:5)
  Ijyb (D:3)
  A gnoll (D:5)
  3 worms
  3 orcs (D:3)
  A bat (D:3)
  A giant cockroach (D:2)
  A goblin (D:2)
  A hobgoblin (D:3)
  2 jackals (D:2)
16 creatures vanquished.

Vanquished Creatures (others)
  13 fulminant prisms
  A fungus (D:9)
14 creatures vanquished.

Grand Total: 384 creatures vanquished

Notes
Turn   | Place    | Note
-------+----------+-------------------------------------------
     0 | D:1      | Mefis the Deep Elf Wizard began the quest for the Orb.
     0 | D:1      | Reached XP level 1. HP: 10/10 MP: 7/7
   278 | D:1      | Reached XP level 2. HP: 15/15 MP: 5/9
   282 | D:1      | Learned a level 2 spell: Call Imp
   285 | D:1      | Learned a level 2 spell: Blink
   288 | D:1      | Learned a level 2 spell: Repel Missiles
   444 | D:1      | Reached skill level 5 in Spellcasting
   983 | D:2      | Reached XP level 3. HP: 19/19 MP: 8/11
  1229 | D:2      | Found a hide-covered altar of Uskayaw.
  1242 | D:2      | Noticed a dagger
  1242 | D:2      | Noticed a hand axe
  1568 | D:2      | Found a sparkling altar of Nemelex Xobeh.
  1590 | D:2      | Found a basalt altar of Yredelemnul.
  1590 | D:2      | Found a shattered altar of Ashenzari.
  2083 | D:3      | Reached XP level 4. HP: 24/24 MP: 10/13
  2088 | D:3      | Learned a level 3 spell: Mephitic Cloud
  2092 | D:3      | Learned a level 3 spell: Conjure Flame
  2942 | D:3      | Found a faded altar of an unknown god.
  2953 | D:3      | Noticed Ijyb
  3096 | D:3      | Killed Ijyb
  3096 | D:3      | Reached skill level 1 in Fighting
  3096 | D:3      | Reached skill level 1 in Air Magic
  3319 | D:3      | Reached XP level 5. HP: 29/29 MP: 9/15
  3546 | D:3      | Reached skill level 1 in Poison Magic
  3778 | D:3      | Noticed Natasha
  3789 | D:3      | Killed Natasha
  3897 | D:3      | Noticed Natasha
  3909 | D:3      | Killed Natasha
  3909 | D:3      | Reached skill level 6 in Spellcasting
  4052 | D:3      | Noticed Natasha
  4170 | D:3      | Killed Natasha
  4486 | D:4      | Reached XP level 6. HP: 34/34 MP: 13/17
  4649 | D:4      | Found a stormy altar of Qazlal.
  4780 | D:4      | Found a staircase to the Ecumenical Temple.
  4794 | Temple   | Entered the Ecumenical Temple
  4854 | Temple   | Became a worshipper of Sif Muna the Loreminder
  5146 | D:4      | Reached XP level 7. HP: 19/40 MP: 4/19
  5395 | D:4      | Found a white marble altar of Elyvilon.
  5500 | D:4      | Reached skill level 7 in Spellcasting
  5778 | D:4      | Found an iron altar of Okawaru.
  5818 | D:5      | Entered Level 5 of the Dungeon
  5818 | D:5      | Noticed Eustachio
  6033 | D:5      | Found an ancient bone altar of Kikubaaqudgha.
  6033 | D:5      | Noticed Blork the orc
  6599 | D:5      | Killed Blork the orc
  6923 | D:5      | Killed Eustachio
  6923 | D:5      | Reached * piety under Sif Muna
  6923 | D:5      | Reached XP level 8. HP: 45/45 MP: 10/21
  7237 | D:5      | Learned a level 2 spell: Slow
  7311 | D:5      | Found a shadowy altar of Dithmenos.
  7341 | D:5      | Found a runed door.
  7687 | D:5      | Noticed Crazy Yiuf
  7694 | D:5      | Killed Crazy Yiuf
  7694 | D:5      | Reached skill level 5 in Dodging
  7747 | D:6      | Noticed Prince Ribbit
  7810 | D:5      | Reached skill level 8 in Spellcasting
  7810 | D:5      | Reached skill level 1 in Hexes
  7905 | D:6      | Reached skill level 5 in Stealth
  8016 | D:6      | Noticed Menkaure
  8720 | D:6      | Killed Prince Ribbit
  8806 | D:6      | Noticed Edmund
  9109 | D:6      | Killed Menkaure
  9109 | D:6      | Reached ** piety under Sif Muna
  9109 | D:6      | Reached XP level 9. HP: 51/51 MP: 14/23
  9183 | D:6      | Reached skill level 9 in Spellcasting
  9412 | D:6      | Found a shimmering altar of Xom.
  9510 | D:6      | Found Piogefeo's General Store.
  9532 | D:6      | Bought a scroll of remove curse for 39 gold pieces
  9532 | D:6      | Bought a potion of flight for 39 gold pieces
  9532 | D:6      | Bought a beef jerky for 19 gold pieces
  9749 | D:7      | Noticed Exporg's ghost (novice MiFi)
 11060 | D:6      | Killed Edmund
 11343 | D:7      | Reached skill level 5 in Conjurations
 12000 | D:8      | Reached *** piety under Sif Muna
 12020 | D:8      | Reached skill level 10 in Spellcasting
 12288 | D:7      | Reached skill level 5 in Poison Magic
 12502 | D:8      | Reached XP level 10. HP: 55/55 MP: 21/26
 12890 | D:8      | Found a radiant altar of Vehumet.
 13225 | D:9      | Found Egim's Distillery.
 13455 | D:9      | Found Lygiv's General Store.
 13471 | D:9      | Noticed Joseph
 13524 | D:9      | Killed Joseph
 13916 | D:9      | Found a staircase to the Lair.
 13958 | D:9      | Found a glowing golden altar of the Shining One.
 14178 | D:9      | Reached **** piety under Sif Muna
 14178 | D:9      | Reached skill level 5 in Hexes
 14178 | D:9      | Reached skill level 5 in Air Magic
 14254 | D:9      | Found Nudued's Gadget Emporium.
 14430 | D:9      | Found a bloodstained altar of Trog.
 14623 | D:9      | Bought a potion of heal wounds for 75 gold pieces
 14623 | D:9      | Bought a potion of resistance for 150 gold pieces
 14623 | D:9      | Bought a potion of brilliance for 60 gold pieces
 14623 | D:9      | Bought a potion of agility for 60 gold pieces
 14623 | D:9      | Bought a potion of lignification for 45 gold pieces
 14822 | D:9      | Found Lom Meha's Gadget Shoppe.
 14952 | D:9      | Found a hazy altar of Hepliaklqana.
 15095 | D:10     | Entered Level 10 of the Dungeon
 15118 | D:10     | Reached skill level 11 in Spellcasting
 15889 | D:10     | Reached ***** piety under Sif Muna
 15971 | D:10     | Reached XP level 11. HP: 61/61 MP: 12/28
 16352 | D:11     | Identified Sif Muna's Catalogue of Confrontation and Displacement (Sif Muna gifted it to you on level 11 of the Dungeon)
 16352 | D:11     | Received a gift from Sif Muna
 16457 | D:11     | Learned a level 3 spell: Dazzling Spray
 16462 | D:11     | Learned a level 4 spell: Fulminant Prism
 16467 | D:11     | Learned a level 4 spell: Passage of Golubria
 17192 | D:11     | Noticed a centaur warrior
 17205 | D:11     | Killed a centaur warrior
 17205 | D:11     | Reached skill level 5 in Fighting
 17798 | D:12     | Found a staircase to the Orcish Mines.
 17878 | D:12     | Noticed Frances
 18126 | D:12     | You fall through a shaft for 2 floors!
 18358 | D:13     | Found a gate to the Vaults.
 18358 | D:13     | Noticed an enchanted long sword
 18358 | D:13     | Noticed an enchanted long sword
 18690 | D:13     | Noticed a centaur warrior
 18694 | D:13     | HP: 1/63 [centaur warrior/arrow (30)]
 18900 | D:13     | Killed a centaur warrior
 18900 | D:13     | Reached skill level 1 in Invocations
 18900 | D:13     | Reached skill level 1 in Evocations
 19342 | D:13     | HP: 1/63 [enchanted long sword (22)]
 19710 | D:13     | Noticed a centaur warrior
 19740 | D:13     | Killed a centaur warrior
 19929 | D:12     | HP: 1/63 [Frances/shard of ice (62)]
 20033 | D:12     | Killed from afar by Frances

Skill      XL: |  1  2  3  4  5  6  7  8  9 10 11 |
---------------+----------------------------------+-----
Spellcasting   | 5 6 7 8 10 11 | 11.9
Dodging        | 3 4 5 6 7 8 |  8.3
Fighting       | 1 2 3 4 5 |  5.4
Air Magic      | 1 2 3 4 5 |  5.6
Stealth        | 3 4 5 6 7 9 |  9.0
Poison Magic   | 1 2 3 4 5 6 |  6.1
Conjurations   | 2 3 4 5 6 7 |  7.4
Hexes          | 2 4 5 |  5.8
Translocations | 2 |  2.8
Invocations    | 1 |  1.6
Evocations     | 1 |  1.8
Summonings     | |  1.1

Action                   |  1- 3 |  4- 6 |  7- 9 | 10-12 || total
-------------------------+-------+-------+-------+-------++-------
Melee: Unarmed           |     2 |       |       |       ||     2
       Short sword       |    11 |    11 |       |       ||    22
       Whip              |       |     6 |    61 |    21 ||    88
       Quarterstaff      |       |       |    17 |    27 ||    44
 Cast: Magic Dart        |   104 |   167 |   490 |   466 ||  1227
       Call Imp          |    11 |     9 |     9 |     2 ||    31
       Repel Missiles    |     1 |       |     1 |     1 ||     3
       Mephitic Cloud    |       |    11 |    42 |    45 ||    98
       Blink             |       |     7 |    11 |    18 ||    36
       Conjure Flame     |       |       |    23 |    23 ||    46
       Slow              |       |       |     8 |     1 ||     9
       Fulminant Prism   |       |       |       |    14 ||    14
Evoke: Lamp of fire      |       |       |       |     1 ||     1
  Use: Scroll            |       |       |       |    13 ||    13
 Stab: Confused          |       |     1 |     6 |     3 ||    10
       Sleeping          |       |     1 |     1 |     4 ||     6
       Distracted        |       |     1 |       |       ||     1
  Eat: Chunk             |     3 |     9 |    17 |    21 ||    50
       Meat ration       |       |       |     1 |     1 ||     2
Armor: Robe              |     6 |     4 |    26 |    17 ||    53
Dodge: Dodged            |    34 |    40 |   139 |   117 ||   330
       Deflected         |     1 |     3 |     3 |     7 ||    14
